 Dungeon Crawl Stone Soup version 0.18.1-50-g88ac8fd (webtiles) character file.

896 Golzeb the Ducker (level 7, 0/62 (63) HPs)
             Began as a Minotaur Monk on Oct 5, 2016.
             Slain by a large abomination (34 damage)
             ... on level 1 of the Abyss.
             The game lasted 00:21:39 (4396 turns).

Golzeb the Ducker (Minotaur Monk)                   Turns: 4396, Time: 00:21:40

HP:   0/62 (63)     AC:  8    Str: 17    XL:     7   Next: 79%
MP:   6/6           EV: 12    Int:  7    God:
Gold: 239           SH:  0    Dex: 13    Spells: 0 memorised, 6 levels left

rFire  . . .     SeeInvis .       - Unarmed
rCold  . . .     Gourm    .     w - +0 scale mail
rNeg   . . .     Faith    .     (no shield)
rPois  .         Spirit   .     (helmet restricted)
rElec  .         Dismiss  .     (no cloak)
rCorr  .         Reflect  .     (no gloves)
SustAt .         Harm     .     f - +0 pair of boots {Fly}
MR     .....                    r - amulet of regeneration
Stlth  +.........               (no ring)
                                (no ring)

@: flying, not resistant to hostile enchantments, very unstealthy
A: retaliatory headbutt, horns 2
a: Stop Flying


You were on level 1 of the Abyss.
You were not hungry.

You visited 1 branch of the dungeon, and saw 5 of its levels.
You visited the Abyss 1 time.

You collected 239 gold pieces.

Inventory:

Hand Weapons
 u - a +0 giant spiked club
Armour
 f - a +0 pair of boots of flying (worn)
 w - a +0 scale mail (worn)
Jewellery
 r - an amulet of regeneration (around neck)
Scrolls
 a - 3 scrolls of fear {unknown}
 c - 4 scrolls of identify {unknown}
 d - 3 scrolls of enchant weapon {unknown}
 g - 4 scrolls of remove curse {unknown}
 i - a scroll of noise {unknown}
 j - a scroll of recharging {unknown}
 k - 2 scrolls of fog {unknown}
 m - a scroll of blinking {unknown}
 s - 2 scrolls of magic mapping {unknown}
Potions
 e - 3 potions of curing {unknown}
 h - 2 potions of flight {unknown}
 l - 2 potions of might {unknown}
 o - a potion of magic {unknown}
 p - a potion of berserk rage {unknown}
 q - a potion of degeneration {unknown}
 t - a potion of brilliance {unknown}
Comestibles
 b - 8 bread rations
 n - 3 beef jerkies
 v - 4 fruits


   Skills:
 + Level 6.2 Fighting
 + Level 3.6 Armour
 + Level 6.6 Dodging
 + Level 2.4 Stealth
 + Level 6.3 Unarmed Combat


You had 6 spell levels left.
You didn't know any spells.

Dungeon Overview and Level Annotations

Branches:
Dungeon (5/15)
 Temple: D:4-7

Altars:
Cheibriados
Fedhas
Nemelex Xobeh
Qazlal
Ru
Trog

Shops:
D:4 (

Annotations:
D:5 p0werm0de's ghost, amateur DsCK


Innate Abilities, Weirdness & Mutations

You reflexively headbutt those who attack you in melee.
You have a pair of horns on your head.


Message History

The large abomination closely misses you.
You furiously retaliate!
You headbutt the large abomination, but do no damage.
You completely miss the large abomination.
The large abomination is lightly damaged.
The large abomination hits you but does no damage.
Your scale mail prevents you from hitting the large abomination.
You headbutt the large abomination.
The large abomination is lightly damaged.
The large abomination hits you!
You hit the large abomination.
The large abomination is moderately damaged.
The large abomination closely misses you.
You furiously retaliate!
You headbutt the large abomination, but do no damage.
You hit the large abomination but do no damage.
The large abomination is moderately damaged.
The large abomination hits you!!
Ouch! That really hurt!
You die...

. . .. .#.. ?#.. #
..#.. #
##.#!#.##.... $
...##..# #..
#..#### .
.$.....#.# #...#.(
# ..
.....#.###.##.#...
.
............#...#
.#.# #.###......##
# #....@X...# #
##.#....##..(....
. #.....# .##....
...........# . #.
.#####......# #.
#.###.##. #. ##
.## ## .. # #


You could see a large abomination.

Vanquished Creatures
  A sky beast (D:5)
  A necrophage (D:4)
  An ogre (D:4)
  A crimson imp (D:5)
  A howler monkey (D:4)
  5 orc priests
  4 orc wizards (D:4)
  An iguana (D:5)
  3 worker ants
  4 gnolls
  7 adders
  An ooze (D:2)
  3 worms
  3 dart slugs
  16 orcs
  8 bats
  6 giant cockroaches
  6 hobgoblins
  5 jackals
  2 ball pythons (D:1)
  A giant gecko skeleton (D:4)
  2 giant newts (D:2)
  7 goblins
  5 kobolds
  6 rats
100 creatures vanquished.

Notes
Turn   | Place    | Note
--------------------------------------------------------------
     0 | D:1      | Golzeb the Minotaur Monk began the quest for the Orb.
     0 | D:1      | Reached XP level 1. HP: 19/19 MP: 0/0
   215 | D:1      | Reached XP level 2. HP: 27/27 MP: 1/1
   618 | D:1      | Reached skill level 5 in Unarmed Combat
   628 | D:1      | Reached XP level 3. HP: 25/33 MP: 2/2
  1335 | D:2      | Found a stormy altar of Qazlal.
  1441 | D:2      | Found a sacrificial altar of Ru.
  1776 | D:2      | Reached XP level 4. HP: 26/41 MP: 3/3
  2151 | D:3      | Found a faded altar to an unknown god.
  2850 | D:4      | Reached XP level 5. HP: 46/47 MP: 4/4
  2976 | D:4      | HP: 2/47 [orc/club (3)]
  3020 | D:3      | Reached skill level 5 in Fighting
  3183 | D:4      | Reached skill level 5 in Dodging
  3183 | D:4      | Reached XP level 6. HP: 29/56 MP: 5/5
  3286 | D:4      | Found Gaciomm's Weapon Shoppe.
  3362 | D:4      | Reached skill level 1 in Armour
  3544 | D:4      | Found a bloodstained altar of Trog.
  3545 | D:4      | Found a snail-covered altar of Cheibriados.
  3662 | D:4      | Reached XP level 7. HP: 51/60 MP: 6/6
  3670 | D:4      | Found a blossoming altar of Fedhas.
  3869 | D:5      | Entered Level 5 of the Dungeon
  4253 | D:5      | Found a sparkling altar of Nemelex Xobeh.
  4345 | D:5      | Noticed p0werm0de's ghost (amateur DsCK)
  4362 | D:5      | Cast into level 1 of the Abyss (p0werm0de's ghost)
  4387 | Abyss:1  | Noticed a large abomination
  4396 | Abyss:1  | Slain by a large abomination

Skill      XL: |  1  2  3  4  5  6  7 |
---------------+----------------------+-----
Unarmed Combat | 5 6 |  6.3
Fighting       | 4 5 6 |  6.2
Dodging        | 4 5 6 |  6.6
Stealth        | 2 |  2.4
Armour         | 2 3 |  3.6

Action                   |  1- 3 |  4- 6 |  7- 9 || total
-------------------------+-------+-------+-------++-------
Melee: Unarmed           |    87 |   138 |    89 ||   314
       Headbutt          |     8 |    27 |    17 ||    52
       Punch             |     4 |     5 |     1 ||    10
 Stab: Sleeping          |       |     2 |       ||     2
  Eat: Chunk             |     2 |     4 |     3 ||     9
       Fruit             |     1 |     1 |       ||     2
Armor: Robe              |    13 |    12 |       ||    25
       Ring mail         |       |    30 |    12 ||    42
       Scale mail        |       |       |    11 ||    11
Dodge: Dodged            |    68 |    98 |    50 ||   216
